 Dungeon Crawl Stone Soup version 0.30.0-10-gfe55d96785 (webtiles) character file.

Game seed: 5846266544816759261

95 shadowrider38 the Conjurer (level 4, 30/30 HPs)
             Began as a Demonspawn Conjurer on May 15, 2023.
             Quit the game on level 2 of the Dungeon.
             The game lasted 00:02:44 (2231 turns).

shadowrider38 the Conjurer (Demonspawn Conjurer)    Turns: 2231, Time: 00:02:44

Health: 30/30      AC:  2    Str:  7    XL:     4   Next: 40%
Magic:  2/9        EV: 12    Int: 22    God:
Gold:   48         SH:  0    Dex: 11    Spells: 6/9 levels left

rFire   . . .        a - staff of cold
rCold   + . .        (no shield)
rNeg    . . .        d - +0 robe
rPois   .            (no helmet)
rElec   .            (no cloak)
rCorr   .            (no gloves)
SInv    +            (no boots)
Will    .....        (no amulet)
Stlth   ++           s - ring of see invisible
HPRegen 0.25/turn    (no ring)
MPRegen 0.22/turn

%: no passive effects
@: no status effects
A: foul stench 1, magic regeneration, demonic touch 1
a: no special abilities


You were on level 2 of the Dungeon.
You visited 1 branch of the dungeon, and saw 2 of its levels.

You collected 78 gold pieces.
You spent 30 gold pieces at shops.

Inventory:

Armour
 d - a +0 robe (worn)
Magical Staves
 a - a staff of cold (weapon)
Jewellery
 s - a ring of see invisible (left hand)
Scrolls
 e - a scroll of fear {unknown}
 i - a scroll of summoning {unknown}
 R - a scroll of identify
 T - a scroll of teleportation
Potions
 b - a potion of magic
 c - a potion of lignification
 f - a potion of invisibility {unknown}
 g - 2 potions of heal wounds
 h - a potion of curing {unknown}


   Skills:
 - Level 1.7 Dodging
 - Level 1.7 Stealth
 + Level 3.3 Spellcasting
 + Level 5.0 Conjurations


You had 6 spell levels left.
You knew the following spells:

 Your Spells              Type           Power      Damage    Failure   Level
a - Magic Dart            Conj           100%       1d8       1%          1
b - Searing Ray           Conj           52%        2d6       2%          2

Your spell library contained the following spells:

 Spells                   Type           Power      Damage    Failure   Level
 Dazzling Flash           Conj/Hex       28%        N/A       13%         3
 Fulminant Prism          Conj/Hex       7%         3d7       38%         4
 Iskenderun's Mystic Bla  Conj/Tloc      14%        2d5       38%         4


Dungeon Overview and Level Annotations

Branches:
Dungeon (2/15)

Altars:

Shops:
D:2 *


Innate Abilities, Weirdness & Mutations

You may rarely emit foul miasma when damaged in melee.
You regenerate magic rapidly.
Your touch may inflict minor irresistible damage on your foes.


Message History

The magic dart hits the adder.
The adder is moderately wounded.
The adder hisses angrily.
The magic dart hits the adder.
The adder is severely wounded.
The magic dart hits the adder.
You kill the adder!
Your Spellcasting skill increases to level 3!
You can't see any susceptible monsters within range! (Use Z to cast anyway.)
A bat comes into view.
A bat is nearby!
A bat is nearby!
Unknown command.
The magic dart hits the bat.
You kill the bat!
You can't see any susceptible monsters within range! (Use Z to cast anyway.) As you open the door, it creaks loudly!
A quokka, Jessica and a hobgoblin come into view.
You hear an angry hiss.
The hobgoblin shouts!
Jessica shouts!
An adder comes into view.
Found 2 glowing dark potions and a blue potion.
Casting: Magic Dart (safe; 1% risk of failure)
Confirm with . or Enter, or press ? or * to list all spells.
Aiming: Searing Ray (safe; 2% risk of failure)
Press: ? - help, Shift-Dir - straight line The searing ray hits the adder!
You kill the adder! (Press . to maintain the ray.) Jessica drinks a potion.
Jessica's spells are empowered!
The searing ray hits the hobgoblin.
The hobgoblin is severely wounded.
The searing ray hits the quokka.
The quokka is moderately wounded.
The searing ray hits the hobgoblin.
You kill the hobgoblin!
The searing ray hits the quokka!
You kill the quokka!
The searing ray hits Jessica!
Jessica is almost dead.
Jessica gestures wildly while chanting.
Jessica seems to speed up.
You have reached level 4!
You feel clever.
Your demonic ancestry asserts itself...
Your magic begins to regenerate rapidly.
The searing ray hits Jessica!
You kill Jessica!
You finish channelling your searing ray.
Your Conjurations skill increases to level 5!
Unknown command.
Are you sure you want to abandon this character and quit the game? (Confirm with "yes".)

##### #### ####...##
##...
#.#.......#########..##
#.†...@...†.....##.#.##
.<..##'##..####..#.###.#
#.. #.. ##........## ##.
#!.† #..##...#.###.#
#..) #..##...##.#.##
#!.. #..............
##.. #............## ###
..###...)###### .......
#..##......


There were no monsters in sight!

Vanquished Creatures
  Jessica (D:2)
  2 adders (D:2)
  A dart slug (D:1)
  6 bats
  An endoplasm (D:2)
  5 giant cockroaches
  3 hobgoblins
  5 jackals (D:1)
  6 kobolds
  2 quokkas
  5 ball pythons
  2 frilled lizards
  2 goblins (D:1)
  6 rats
47 creatures vanquished.

Notes
Turn   | Place    | Note
-------+----------+-------------------------------------------
     0 | D:1      | shadowrider38 the Demonspawn Conjurer began the quest for
                  | the Orb.
     0 | D:1      | Reached XP level 1. HP: 13/13 MP: 3/3
    23 | D:1      | aesen: see and this is the reason i hate draconian
    61 | D:1      | shadowrider38: heh
    61 | D:1      | shadowrider38: do you have tiamat
   152 | D:1      | aesen: !tiamat
   187 | D:1      | beem: aesen is not a tiamat player. Unwon draconians:
                  | Black, White
   328 | D:1      | aesen: never ever
   344 | D:1      | Gained mutation: You may rarely emit foul miasma when
                  | damaged in melee. [demonic ancestry]
   344 | D:1      | Reached XP level 2. HP: 16/19 MP: 0/5
   399 | D:1      | aesen: foul stench is good early
   405 | D:1      | shadowrider38: i dont care about early
   609 | D:1      | Learned a level 2 spell: Searing Ray
  1225 | D:1      | Gained mutation: Your touch may inflict minor irresistible
                  | damage on your foes. [demonic ancestry]
  1225 | D:1      | Reached XP level 3. HP: 24/24 MP: 4/7
  1677 | D:2      | Found Fongufadidgh's General Store.
  1685 | D:2      | Bought a scroll of teleportation for 30 gold pieces
  2189 | D:2      | Reached skill level 3 in Spellcasting
  2226 | D:2      | Noticed Jessica
  2230 | D:2      | Gained mutation: You regenerate magic rapidly. [demonic
                  | ancestry]
  2230 | D:2      | Reached XP level 4. HP: 30/30 MP: 3/8
  2230 | D:2      | Killed Jessica
  2231 | D:2      | Reached skill level 5 in Conjurations
  2231 | D:2      | shadowrider38: cri
  2231 | D:2      | Quit the game

Illustrated notes

Levels and vault maps discovered:
D:1:      ncdulo_wetmaze, layout_basic
D:2:      layout_loops_ring, serial_shops, shop, nicolae_shop_peninsula,
          eino_tiny_chamber, kennysheep_jessica_study

Skill      XL: |  1  2  3  4 |
---------------+-------------+-----
Spellcasting   | 3 |  3.3
Conjurations   | 5 |  5.0
Dodging        | |  1.7
Stealth        | |  1.7

Action                     |  1- 3 |  4- 6 || total
---------------------------+-------+-------++-------
  Melee: Staff             |    12 |       ||    12
         Touch             |     1 |       ||     1
   Cast: Magic Dart        |    79 |       ||    79
         Searing Ray       |     1 |       ||     1
    Use: Scroll            |     2 |       ||     2
 Armour: Robe              |     3 |       ||     3
  Dodge: Dodged            |    21 |       ||    21
